Match 28273429
Unlisted

Match 28273429
End
Vickers Machine Gun Team
Construct Section Command Post
Dingo Light Scout Car
Infantry Section
Infantry Section
Construct Platoon Command Post
Humber Armored Car
Construct Field Infirmary
ML 3-inch Mortar Team
6-pounder Anti-tank Gun Team
Infantry Section
Construct Company Command Post
Crusader II Medium Tank
Selects Heavy Armor Battlegroup
Selects Light Vehicle Withdraw and Refit
Selects Light Vehicle Withdraw and Refit
Selects Radio Net
Selects Recon Artillery
Crusader II Medium Tank
Infantry Section
Armored Vehicle Training
Selects Rigorous Vehicle Training
Crusader II Medium Tank
Recon Artillery
Radio Net
Crusader II Medium Tank
乌拉
Izutsumi
Ruby
HulkSMASH
0
0

Comments sign in to comment!

No comments posted yet!